Map: New Repugnancy LE

Players

Smileblind

  • Race: Protoss Protoss
  • League: Silver
  • Spawn Location: 1:00

VOD

Have the link to the VOD?

Description

Time

  • Played on: Feb. 7, 2019, 9:52 a.m.
  • Length: 13:34
Show
View Real Time Build Order
Export as new Build Order

Smileblind Protoss 

Build Orders:  

Get SALT Encoding   

  12  0:04  Probe (Chrono Boost)  
  14  0:21  Probe (Chrono Boost)  
  14  0:28  Pylon  
  14  0:38  Probe (Chrono Boost)  
  15  0:50  Probe (Chrono Boost)  
  16  1:01  Probe (Chrono Boost)  
  16  1:05  Gateway  
  17  1:13  Assimilator  
  17  1:16  Probe (Chrono Boost)  
  18  1:27  Assimilator  
  18  1:33  Probe (Chrono Boost)  
  19  1:41  Gateway  
  19  1:44  Probe (Chrono Boost)  
  20  1:55  Probe (Chrono Boost)  
  21  2:09  Probe (Chrono Boost)  
  21  2:12  Cybernetics Core  
  22  2:24  Pylon  
  22  2:26  Probe (Chrono Boost)  
  23  2:36  Pylon  
  23  2:56  Pylon, Probe (Chrono Boost)  
  24  3:07  Probe (Chrono Boost)  
  29  3:33  Gateway  
  29  3:49  Gateway  
  29  3:57  Stalker, Unknown  
  29  3:58  Unknown  
  31  4:09  Warp Gate  
  33  4:18  Gateway  
  33  4:24  Pylon  
  33  4:39  Stalker  
  35  4:43  Stalker  
  35  4:49  Unknown  
  37  4:52  Stalker  
  39  5:04  Stalker  
  41  5:24  Pylon  
  41  5:28  Pylon  
  41  5:36  Stalker  
  43  5:48  Stalker  
  45  5:53  Stalker  
  47  6:02  Stalker  
  49  6:13  Stalker  
  51  6:24  Stalker  
  53  6:35  Stalker  
  55  6:44  Stalker  
  27  8:31  Stalker x3  
  27  8:32  Stalker x2  
  37  8:45  Gateway  
  37  8:47  Gateway  
  37  8:59  Gateway  
  37  9:01  Gateway  
  37  9:03  Gateway  
  37  9:06  Stalker  
  37  9:07  Twilight Council  
  39  9:17  Stalker  
  31  10:52  Stalker x3  
  31  10:53  Stalker x3  
  31  10:54  Stalker x2  
  25  12:23  Zealot  
  25  12:24  Zealot x2  
  25  12:25  Zealot x4  
  39  12:35  Zealot  
  33  13:09  Stalker x2  
  29  13:23  Stalker  
Tags
 
Add a new tag
Caveats
  • Supply blocks, unpowered buildings, or Contaminate may cause inaccurate times.
  • Supply counts are checked every 10 seconds.